 Dungeon Crawl Stone Soup version bcrawl-1.37.2 (webtiles) character file.

Game seed: 10663713601698668223

294715 Mehrunes the Devastator (level 11, -1/54 HPs)
             Began as an Avariel Conjurer on Oct 26, 2022.
             Was a Follower of Vehumet.
             Slain by a black mamba (7 damage)
             ... on level 2 of the Lair of Beasts.
             The game lasted 00:26:25 (13736 turns).

Mehrunes the Devastator (Avariel Conjurer)         Turns: 13736, Time: 00:26:25

Health: -1/54      AC:  7    Str:  6    XL:     11   Next: 82%
Magic:  13/22      EV: 21    Int: 25    God:    Vehumet [*.....]
Gold:   828        SH:  0    Dex: 13    Spells: 5/22 levels left

rFire    . . .     GDR:     25% B - +2 dagger (venom)
rCold    . . .     SeeInvis .   (no shield)
rNeg     . . .     Gourm    .   y - +0 steam dragon scales
rPois    +         Faith    .   x - +0 helmet
rElec    .         Spirit   .   (no cloak)
rCorr    .         Reflect  .   (no gloves)
MR       +....                  E - +0 pair of boots {Stlth++}
Stlth    +++.......             (no amulet)
HPRegen  0.19/turn              o - ring of wizardry
MPRegen  0.18/turn              d - ring of poison resistance

@: lethally poisoned (-1 -> -14), flying quickly and evasively, quick
A: able to fly
a: Stop Flying, Renounce Religion


You were on level 2 of the Lair of Beasts.
You worshipped Vehumet.
Vehumet was aware of your devotion.
You were not hungry.

You visited 3 branches of the dungeon, and saw 12 of its levels.
You also visited: Ossuary.

You collected 1053 gold pieces.
You spent 225 gold pieces at shops.

Inventory:

Hand Weapons
 B - a +2 dagger of venom (weapon)
Armour
 a - a +0 robe
 s - a +0 pair of boots
 x - a +0 helmet (worn)
 y - +0 steam dragon scales (worn)
 E - a +0 pair of boots of stealth (worn)
Jewellery
 d - a ring of poison resistance (right hand)
 k - an uncursed ring of resist corrosion
 o - a ring of wizardry (left hand)
 p - an uncursed ring of ice
 H - a +4 ring of protection {unknown}
Wands
 g - a wand of disintegration (6)
 G - a wand of iceblast (6)
 I - a wand of flame (9)
 J - a wand of paralysis (10)
Scrolls
 b - 9 scrolls of remove curse
 f - 3 scrolls of fear
 h - 2 scrolls of amnesia
 i - a scroll of identify
 j - 8 scrolls of teleportation
 l - 2 scrolls of blinking {unknown}
 q - 3 scrolls of immolation
 r - 4 scrolls of enchant weapon {unknown}
 t - a scroll of magic mapping {unknown}
 u - 2 scrolls of fog {unknown}
 w - 4 scrolls of enchant armour {unknown}
 D - 2 scrolls of noise
 L - a scroll of torment {unknown}
Potions
 m - 4 potions of mutation {unknown}
 n - 10 potions of degeneration {unknown}
 v - 3 potions of heal wounds
 z - 2 potions of invisibility {unknown}
 A - 2 potions of curing
 C - 2 potions of might {unknown}
 F - a potion of haste
 K - 2 potions of lignification {unknown}
 N - a potion of ambrosia {unknown}
Comestibles
 e - 25 rations {!d}
 M - 4 chunks of flesh


   Skills:
 - Level 10.0 Dodging
 - Level 6.0 Stealth
 - Level 6.0 Spellcasting
 - Level 15.0 Conjurations
 + Level 9.3 Ice Magic


You had 5 spell levels left.
You knew the following spells:

 Your Spells              Type           Power        Failure   Level  Hunger
a - Magic Dart            Conj           ####         0%          1    None
b - Searing Ray           Conj           ######..     0%          2    None
c - Iskenderun's Mystic   Conj           ######..     1%          3    ##.....
d - Irradiate             Conj/Tmut      #####.....   1%          5    #####..
e - Bolt of Cold          Conj/Ice       ######....   1%          6    #######

Your spell library contained the following spells:

 Spells                   Type           Power        Failure   Level  Hunger
 Sandblast                Erth           #.....       1%          1    None
 Conjure Flame            Conj/Fire      #####...     1%          3    ##.....
 Mephitic Cloud           Conj/Pois/Air  ####....     1%          3    ##.....
 Fulminant Prism          Conj/Hex       #####.....   1%          4    ####...
 Bolt of Draining         Conj/Necr      #####.....   1%          5    #####..
 Apportation              Tloc           #.....       3%          1    None
 Summon Butterflies       Summ           #.......     3%          1    None
 Blink                    Tloc           N/A          4%          2    None
 Call Imp                 Summ           #.....       4%          2    None
 Beckoning                Tloc           #.........   9%          3    ##.....
 Spider Form              Tmut/Pois      #..          9%          3    ##.....
 Tukima's Dance           Hex            #.......     9%          3    ##.....
 Iron Shot                Conj/Erth      #####.....   5%          6    #######
 Poison Arrow             Conj/Pois      #####.....   5%          6    #######
 Deflect Missiles         Chrm/Air       #.........   98%         6    #######
 Invisibility             Hex            #.......     98%         6    #######


Dungeon Overview and Level Annotations

Branches:
Dungeon (9/12)             Temple (1/1) D:5            Lair (2/6) D:8
 Shoals (0/3) Lair:2        Snake (0/3) Lair:2          Orc (0/1) D:9

Altars:
Ashenzari
Cheibriados
Dithmenos
Elyvilon
Fedhas
Gozag
Hepliaklqana
Kikubaaqudgha
Lugonu
Makhleb
Nemelex Xobeh
Okawaru
Qazlal
Ru
Sif Muna
Trog
Uskayaw
Vehumet
Wu Jian
Xom
Yredelemnul
Zin
The Shining One

Shops:
D:7 [   D:9 *

Annotations:
D:5 1 runed door
Lair:2 exclusion: oklob plant


Innate Abilities, Weirdness & Mutations

You can fly continuously.


Message History

The black mamba misses you. The black mamba closely misses you.
The black mamba misses you. The black mamba bites you.
You are poisoned.
The black mamba poisons you! The black mamba bites you.
You feel sick.
Casting: Searing Ray (safe; 0% risk of failure)
Confirm with . or Enter, or press ? or * to list all spells.
Aiming: Searing Ray (safe; 0% risk of failure)
Press: ? - help, Shift-Dir - straight line, f - black mamba
Aim: a black mamba (lightly wounded)
The searing ray hits the black mamba.
The black mamba is lightly wounded. (Press . to maintain the ray.)
You feel sick. The black mamba bites you! x2
The searing ray misses the black mamba.
You feel sick. The black mamba bites you!
* * * LOW HITPOINT WARNING * * *
The adder completely misses you. The black mamba bites you!
You die...

.##........P....#
..P............##
......###...####
.......###..#
.......##.#.##
........P....######
..................###
...
.........##รท#.#.# ..
....#..#####@..## .
..####. #SSP.# . ##
#...## ##.## .P #
#...##....
#.#.......#
#...##..## #P.....#
#.# ##.....# ##


You could see a black mamba and an adder.

Vanquished Creatures
  An oklob plant (Lair:1)
  Joseph (D:7)
  A cane toad (Lair:1)
  2 rime drakes (Lair:2)
  A komodo dragon (D:8)
  An eye of draining (D:8)
  A troll (D:8)
  Prince Ribbit (D:7)
  2 hippogriffs
  Grum (Lair:2)
  15 yaks
  3 steam dragons (D:6)
  A warg (D:9)
  Edmund (D:4)
  2 crocodiles (Lair:2)
  2 water moccasins
  3 porcupines
  Duvessa (D:7)
  6 orc warriors
  2 sky beasts
  A phantom (D:6)
  3 ogres
  A necrophage (D:9)
  2 wolves (Lair:2)
  2 elf zombies (Ossuary)
  Blork the orc (D:5)
  8 bullfrogs
  3 kobold brigands
  2 gnoll sergeants
  5 centaurs
  A wyvern zombie (D:8)
  Dowan (D:7)
  A wyvern skeleton (D:7)
  A water moccasin skeleton (D:3)
  3 scorpions
  9 killer bees
  4 howler monkeys
  4 jellies
  3 orc priests
  A crimson imp (D:9)
  A quasit (D:6)
  4 hounds
  A gnoll shaman (D:7)
  7 orc wizards
  A bullfrog skeleton (D:5)
  2 iguanas
  8 worker ants
  3 hound zombies
  2 hound skeletons
  4 mummies
  2 worker ant zombies
  A howler monkey zombie (D:7)
  11 adders
  18 gnolls
  2 centaur zombies (Ossuary)
  5 adder zombies
  An ooze (D:1)
  2 adder skeletons
  4 worms
  3 dart slugs
  3 leopard geckos
  17 orcs
  A ball python (D:1)
  5 giant cockroaches
  2 gnoll zombies (Ossuary)
  9 goblins
  11 hobgoblins
  2 quokkas
  5 bats
  A frilled lizard (D:1)
  2 hobgoblin zombies (Ossuary)
  4 jackal zombies (Ossuary)
  16 kobolds
  9 kobold zombies (Ossuary)
  An orc zombie (Ossuary)
  A quokka skeleton (D:5)
  4 quokka zombies (Ossuary)
  6 rats
  3 rat zombies (Ossuary)
  4 plants (D:8)
292 creatures vanquished.

Vanquished Creatures (others)
  2 fungi (Lair:2)
  A plant (D:8)
3 creatures vanquished.

Grand Total: 295 creatures vanquished

Notes
Turn   | Place    | Note
-------+----------+-------------------------------------------
     0 | D:1      | Mehrunes the Avariel Conjurer began the quest for the Orb.
     0 | D:1      | Reached XP level 1. HP: 10/10 MP: 6/6
   258 | D:1      | Reached XP level 2. HP: 15/15 MP: 4/7
   314 | D:1      | Reached skill level 6 in Conjurations
   520 | D:1      | Learned a level 2 spell: Searing Ray
   940 | D:2      | Reached XP level 3. HP: 19/19 MP: 6/9
  1226 | D:2      | Found a glowing silver altar of Zin.
  1301 | D:2      | Reached skill level 7 in Conjurations
  1587 | D:2      | Reached XP level 4. HP: 20/24 MP: 4/10
  1882 | D:2      | Learned a level 3 spell: Iskenderun's Mystic Blast
  2259 | D:3      | Reached skill level 8 in Conjurations
  2302 | D:3      | Reached XP level 5. HP: 28/28 MP: 7/11
  2356 | D:3      | Found a hide-covered altar of Uskayaw.
  2356 | D:3      | Noticed a kobold brigand
  2403 | D:3      | Killed a kobold brigand
  2502 | D:3      | Found a shadowy altar of Dithmenos.
  2502 | D:3      | Found a basalt altar of Yredelemnul.
  2738 | D:4      | Reached XP level 6. HP: 28/32 MP: 5/12
  2828 | D:4      | Reached skill level 5 in Dodging
  2911 | D:4      | Noticed Edmund
  2940 | D:4      | Killed Edmund
  2941 | D:4      | Reached XP level 7. HP: 36/36 MP: 3/13
  3960 | D:5      | Entered Level 5 of the Dungeon
  3996 | D:5      | Found a runed door.
  4252 | D:5      | Reached XP level 8. HP: 41/41 MP: 8/14
  4290 | D:5      | Learned a level 5 spell: Irradiate
  4343 | D:5      | Noticed Blork the orc
  4347 | D:5      | Killed Blork the orc
  4427 | D:5      | Found a sacrificial altar of Ru.
  4735 | D:5      | Found a staircase to the Ecumenical Temple.
  5470 | D:6      | Reached skill level 10 in Dodging
  5557 | D:6      | Reached skill level 5 in Spellcasting
  5731 | D:6      | Gained mutation: You can fly continuously. [Avariel growth]
  5731 | D:6      | Reached XP level 9. HP: 45/45 MP: 8/20
  5833 | D:6      | Reached skill level 9 in Conjurations
  6399 | D:7      | Noticed Joseph
  6416 | D:7      | Found Joelaq's Antique Armour Shoppe.
  6422 | D:7      | Reached skill level 10 in Conjurations
  6461 | D:7      | Bought a pair of runed boots for 225 gold pieces
  6647 | D:7      | Noticed Prince Ribbit
  6781 | D:7      | Noticed Dowan
  6948 | D:7      | Noticed Duvessa
  6958 | D:7      | Killed Duvessa
  6975 | D:7      | Killed Dowan
  7255 | D:7      | Reached skill level 11 in Conjurations
  7443 | D:7      | Reached skill level 5 in Stealth
  7447 | D:7      | Killed Prince Ribbit
  7667 | D:7      | Reached XP level 10. HP: 50/50 MP: 14/21
  8020 | D:7      | Killed Joseph
  8021 | D:7      | Reached skill level 12 in Conjurations
  8114 | D:7      | Learned a level 6 spell: Iron Shot
  8134 | D:7      | Learned a level 6 spell: Bolt of Cold
  8315 | D:8      | Reached skill level 1 in Ice Magic
  8741 | D:8      | Found a sand-covered staircase.
  8751 | Ossuary  | Entered an ossuary
  9017 | Ossuary  | Reached skill level 13 in Conjurations
  9396 | D:8      | Found a staircase to the Lair.
 10072 | D:9      | Found Vosibe's General Store.
 10127 | D:9      | Reached skill level 5 in Ice Magic
 10186 | D:9      | Found a white marble altar of Elyvilon.
 10496 | D:9      | Reached XP level 11. HP: 54/54 MP: 17/22
 10603 | D:9      | Reached skill level 14 in Conjurations
 10903 | D:9      | Found a staircase to the Orcish Mines.
 11565 | Temple   | Entered the Ecumenical Temple
 11839 | Temple   | Became a worshipper of Vehumet
 12050 | Lair:1   | Entered Level 1 of the Lair of Beasts
 12050 | Lair:1   | Noticed an oklob plant
 12053 | Lair:1   | Killed an oklob plant
 13073 | Lair:2   | Found a staircase to the Shoals.
 13197 | Lair:2   | Noticed Grum
 13201 | Lair:2   | Killed Grum
 13205 | Lair:2   | Reached skill level 15 in Conjurations
 13342 | Lair:2   | Reached * piety under Vehumet
 13342 | Lair:2   | Offered knowledge of Sandblast by Vehumet.
 13538 | Lair:2   | Noticed an oklob plant
 13719 | Lair:2   | Found a staircase to the Snake Pit.
 13736 | Lair:2   | Slain by a black mamba

Skill      XL: |  1  2  3  4  5  6  7  8  9 10 11 |
---------------+----------------------------------+-----
Conjurations   | 6 7 8 11 13 15 | 15.0
Dodging        | 4 6 8 10 | 10.0
Spellcasting   | 6 |  6.0
Stealth        | 5 6 |  6.0
Ice Magic      | 5 9 |  9.3

Action                   |  1- 3 |  4- 6 |  7- 9 | 10-12 || total
-------------------------+-------+-------+-------+-------++-------
Melee: Whip              |       |       |    12 |       ||    12
       Dagger            |       |       |       |    33 ||    33
 Cast: Magic Dart        |    78 |    40 |    51 |    68 ||   237
       Searing Ray       |     2 |     5 |    63 |    79 ||   149
       Iskenderun's Myst |       |     2 |     8 |    35 ||    45
       Irradiate         |       |       |       |     2 ||     2
       Bolt of Cold      |       |       |       |     4 ||     4
  Use: Potion            |       |       |     5 |     4 ||     9
       Scroll            |       |       |     1 |     6 ||     7
  Eat: Chunk             |     3 |     6 |    20 |    17 ||    46
       Ration            |       |       |       |     3 ||     3
Armor: Robe              |     1 |     1 |     3 |       ||     5
       Steam dragon scal |       |       |     6 |    18 ||    24
Dodge: Dodged            |     3 |    12 |    96 |   129 ||   240
